 Dungeon Crawl Stone Soup version 0.29-a0-821-g66395355a5 (webtiles) character file.

Game seed: 17838187382057656996

3673 kevlar127 the Grappler (level 9, -6/144 HPs)
             Began as a Troll Berserker on July 7, 2022.
             Was an Elder of Trog.
             Killed from afar by an electric eel (13 damage)
             ... with a bolt of electricity
             ... on level 8 of the Dungeon.
             The game lasted 00:21:34 (6080 turns).

kevlar127 the Grappler (Troll Berserker)            Turns: 6080, Time: 00:21:34

Health: -6/144     AC:  4    Str: 31    XL:     9   Next: 89%
Magic:  8/8        EV: 10    Int:  3    God:    Trog [****..]
Gold:   188        SH:  0    Dex:  9    Spells: 8/8 levels left

rFire   . . .      SeeInvis .     - Unarmed
rCold   . . .      Faith    .   (no shield)
rNeg    . . .      Spirit   .   a - +0 animal skin
rPois   .          Reflect  .   (helmet restricted)
rElec   .          Harm     .   (no cloak)
rCorr   .          Rampage  .   (gloves unavailable)
Will    +++..                   (boots unavailable)
Stlth   ..........              z - amulet of regeneration
HPRegen 2.94/turn               f - ring of flight
MPRegen 0.11/turn               i - ring of willpower

@: berserking, strong-willed, flying, regenerating, very quick
A: large, unfitting armour, claws 3, regeneration 1, shaggy fur 1, tough skin 1
a: Renounce Religion, Berserk, Trog's Hand, Brothers in Arms


You were on level 8 of the Dungeon.
You worshipped Trog.
Trog was greatly pleased with you.
You visited 1 branch of the dungeon, and saw 8 of its levels.
You also visited: Sewer.

You collected 328 gold pieces.
You spent 140 gold pieces at shops.

Inventory:

Missiles
 e - 79 stones (quivered)
 m - 6 atropa-tipped darts
 p - 36 poisoned darts
 v - 3 curare-tipped darts
 H - 2 boomerangs
Armour
 a - a +0 animal skin (worn)
Jewellery
 f - a ring of flight (left claw)
 g - an amulet of guardian spirit
 i - a ring of willpower (right claw)
 q - a ring of magical power
 z - an amulet of regeneration (around neck)
Wands
 D - a wand of flame (18)
Scrolls
 b - 2 scrolls of summoning {unknown}
 d - 6 scrolls of teleportation {unknown}
 h - 3 scrolls of immolation
 j - 4 scrolls of identify {unknown}
 n - 4 scrolls of poison {unknown}
 r - 2 scrolls of vulnerability {unknown}
 s - a scroll of silence {unknown}
 t - a scroll of fog {unknown}
 u - 2 scrolls of enchant armour {unknown}
 w - 4 scrolls of amnesia {unknown}
 x - a scroll of fear {unknown}
 y - a scroll of noise {unknown}
 G - a scroll of blinking {unknown}
 J - a scroll of magic mapping {unknown}
Potions
 c - 3 potions of resistance {unknown}
 k - a potion of experience {unknown}
 l - 3 potions of mutation {unknown}
 o - 8 potions of curing
 A - a potion of heal wounds
 B - a potion of berserk rage
 C - 2 potions of brilliance {unknown}
 E - a potion of cancellation {unknown}
 F - a potion of attraction {unknown}
 I - 2 potions of degeneration {unknown}


   Skills:
 + Level 8.1 Fighting
 - Level 3.0 Throwing
 - Level 1.2 Armour
 - Level 3.0 Dodging
 + Level 9.9 Unarmed Combat
 - Level 2.0 Evocations


You had 8 spell levels left.
You didn't know any spells.
Your spell library was empty.

Dungeon Overview and Level Annotations

Branches:
Dungeon (8/15)             Temple (0/1) D:4           Sewer (visited)
   Lair: D:8-11

Altars:
Ashenzari
Cheibriados
Hepliaklqana
Makhleb
Sif Muna
Yredelemnul

Shops:
D:5 !   D:7 (:(!

Annotations:
D:3 2 transporters, RancidPinata's ghost, amateur GrGl
D:5 1 runed translucent door, zhov's ghost, novice DsHu


Innate Abilities, Weirdness & Mutations

You are too large for most types of armour.
You have claws for hands.
Your natural rate of healing is unusually fast.
You are covered in fur. (AC +1)
You have tough skin. (AC +1)


Message History

Your skin crawls.
You feel strong-willed.
A red film seems to cover your vision as you go berserk!
You feel yourself moving faster!
You feel mighty! Trog will no longer gift you weapons.
The electric eel shoots out a bolt of lightning at you!
The bolt of electricity misses you.
The electric eel shoots out a bolt of lightning at you!
The bolt of electricity hits you!
* * * LOW HITPOINT WARNING * * *
You claw the electric eel!
The electric eel is heavily wounded.
The electric eel shoots out a bolt of lightning at you!
The bolt of electricity misses you.
You closely miss the electric eel.
The electric eel is heavily wounded.
Unknown command.
You claw the electric eel!
You kill the electric eel!
Trog accepts your kill.
The electric eel shoots out a bolt of lightning at you!
The bolt of electricity hits you!
* * * LOW HITPOINT WARNING * * *
The bolt of electricity hits you.
* * * LOW HITPOINT WARNING * * *
The electric eel shoots out a bolt of lightning at you!
The bolt of electricity misses the electric eel.
The bolt of electricity hits you!
* * * LOW HITPOINT WARNING * * *
You miss the electric eel.
The electric eel is lightly wounded.
You closely miss the electric eel.
The electric eel is lightly wounded.
The electric eel shoots out a bolt of lightning at you!
The bolt of electricity hits the electric eel.
The electric eel completely resists.
The bolt of electricity hits you!
* * * LOW HITPOINT WARNING * * *
The electric eel shoots out a bolt of lightning at you!
The bolt of electricity hits you!
You die...

..#.♣≈P≈.≈.
..#..................
..+............≈.≈≈≈♣♣
..#...♣.≈≈.P≈≈≈≈≈≈≈≈≈
..#... ≈≈≈≈≈≈≈≈≈≈≈P≈
###.... ≈≈≈≈P≈≈≈≈≈≈
... ♣≈≈≈≈P≈≈S≈ ♣# ...
≈≈≈≈≈≈≈≈S♣♣♣..# ...
≈≈≈P≈P≈≈@.....# ...
♣≈♣♣♣♣.......# ...
###.........# #'#
#.....##+#### #.....#
#.....+ #.....#
#####.....#
#######...#.....#


You could see 2 electric eels.

Vanquished Creatures
  Sigmund (D:2)
  A wyvern (D:8)
  Menkaure (D:6)
  Edmund (D:5)
  A water moccasin (D:7)
  A black bear (D:7)
  3 ice beasts
  An orc warrior (D:5)
  2 sky beasts
  A centaur (D:6)
  3 ogres
  2 phantoms
  4 kobold brigands
  A necrophage (D:7)
  A gnoll sergeant (D:8)
  3 scorpions
  An electric eel (D:8)
  3 howler monkeys (D:8)
  4 hounds
  2 jellies (D:5)
  8 orc priests
  3 iguanas
  Jessica (D:2)
  9 orc wizards
  11 gnolls
  7 adders
  5 river rats
  A shadow imp (D:3)
  5 white imps
  An ufetubus (D:6)
  2 worms
  5 dart slugs
  33 orcs
  18 ball pythons
  6 endoplasms
  3 giant cockroaches
  4 goblins
  7 hobgoblins
  11 jackals
  20 kobolds
  4 quokkas
  3 bats
  4 frilled lizards
  13 rats
221 creatures vanquished.

Vanquished Creatures (others)
  An orc wizard (D:6)
  14 plants
15 creatures vanquished.

Grand Total: 236 creatures vanquished

Notes
Turn   | Place    | Note
-------+----------+-------------------------------------------
     0 | D:1      | kevlar127 the Troll Berserker began the quest for the Orb.
     0 | D:1      | Reached XP level 1. HP: 22/22 MP: 0/0
    52 | D:1      | Reached XP level 2. HP: 29/29 MP: 1/1
   279 | D:1      | Reached XP level 3. HP: 36/36 MP: 2/2
   396 | D:1      | Reached ** piety under Trog
   682 | D:2      | Found a faded altar of an unknown god.
   710 | D:2      | Reached XP level 4. HP: 35/45 MP: 1/3
   734 | D:2      | Noticed Jessica
   742 | D:2      | Killed Jessica
   743 | D:2      | Reached skill level 4 in Unarmed Combat
   747 | D:2      | Noticed Sigmund
   756 | D:2      | Killed Sigmund
   757 | D:2      | Reached skill level 5 in Unarmed Combat
   757 | D:2      | Reached XP level 5. HP: 54/54 MP: 4/4
   757 | D:2      | Reached XP level 6. HP: 62/62 MP: 5/5
  1306 | D:3      | Found a transporter.
  1307 | D:3      | Noticed RancidPinata's ghost (amateur GrGl)
  1318 | D:3      | Identified the +6 dire flail "Ylorr" {holy, Str+4}
  1328 | D:3      | Found a transporter.
  1551 | D:3      | Found a glowing drain.
  1556 | D:3      | Reached *** piety under Trog
  1582 | Sewer    | Entered a sewer
  1660 | Sewer    | Reached XP level 7. HP: 69/71 MP: 3/6
  1702 | Sewer    | Found a white marble altar of Elyvilon.
  1867 | D:4      | Reached skill level 6 in Unarmed Combat
  1885 | D:4      | You are sucked into a shaft and drop 3 floors!
  1897 | D:7      | Reached skill level 5 in Fighting
  1924 | D:7      | Found Zedoamybo's Antique Weapon Shoppe.
  2152 | D:6      | Found a burning altar of Makhleb.
  2153 | D:6      | Found a basalt altar of Yredelemnul.
  2168 | D:5      | Entered Level 5 of the Dungeon
  2176 | D:6      | Reached **** piety under Trog
  2755 | D:4      | Reached skill level 7 in Unarmed Combat
  2773 | D:4      | Found a broken altar of Ashenzari.
  2809 | D:4      | Reached XP level 8. HP: 71/83 MP: 7/7
  3025 | D:4      | Reached skill level 1 in Throwing
  3026 | D:4      | Found a staircase to the Ecumenical Temple.
  3318 | D:5      | Found a runed translucent door.
  3352 | D:5      | Noticed zhov's ghost (novice DsHu)
  3487 | D:5      | Found Qohiox's Distillery.
  3501 | D:5      | Bought a potion of heal wounds for 70 gold pieces
  3501 | D:5      | Bought a potion of berserk rage for 70 gold pieces
  3632 | D:5      | Reached skill level 8 in Unarmed Combat
  3665 | D:5      | Noticed Edmund
  3675 | D:5      | Killed Edmund
  3734 | D:5      | Reached XP level 9. HP: 89/93 MP: 6/8
  4135 | D:6      | Found a hazy altar of Hepliaklqana.
  4148 | D:6      | Found a snail-covered altar of Cheibriados.
  4242 | D:6      | Noticed Menkaure
  4404 | D:6      | Killed Menkaure
  4573 | D:6      | Reached skill level 9 in Unarmed Combat
  5038 | D:7      | Found Anuddyrr's Antique Weapon Boutique.
  5069 | D:7      | Reached skill level 1 in Armour
  5069 | D:7      | Reached skill level 1 in Evocations
  5131 | D:7      | Found a shimmering blue altar of Sif Muna.
  5271 | D:7      | Found Ynyorubu's Distillery.
  5358 | D:7      | Found Viusext's Book Boutique.
  5574 | D:8      | Reached ***** piety under Trog
  6080 | D:8      | HP: 7/144 [electric eel/bolt of electricity (11)]
  6080 | D:8      | Killed from afar by an electric eel

Illustrated notes

Levels and vault maps discovered:
D:1:      dpeg_arrival_rhombus, layout_basic, chequers_serial_rivers_micro_d
D:2:      minmay_angry_zag, layout_rooms, nicolae_ecumenical_snake_handling,
          uniq_jessica, uniq_sigmund
D:3:      layout_rooms, gammafunk_ghost_smash, portal_sewer_entry_a, st_stairs_4
D:4:      layout_loops_ring, mainiacjoe_overflow_cross_hatched,
          minmay_temple_entry_waves, nicolae_concentric_dashed_squares_mild,
          minmay_small_thing
D:5:      layout_basic, serial_shops, shop, ebering_ghost_inner_flame,
          st_stairs_14, grunt_ministairs_9, minmay_diced_spiral, uniq_edmund
D:6:      layout_cave_pods, grunt_temple_overflow_open,
          nicolae_overflow_two_pavilions, uniq_menkaure
D:7:      layout_gridville, led_sif_book, serial_shops, nicolae_shop_trees,
          shop, shop, kennysheep_little_box
D:8:      layout_gridville, dpeg_lair_monsters, serial_bayou_ford_a

Skill      XL: |  1  2  3  4  5  6  7  8  9 |
---------------+----------------------------+-----
Fighting       | 3 4 5 7 8 |  8.1
Dodging        | 3 |  3.0
Unarmed Combat | 5 7 8 9 |  9.9
Throwing       | 3 |  3.0
Armour         | 1 |  1.2
Evocations     | 2 |  2.0

Action                   |  1- 3 |  4- 6 |  7- 9 || total
-------------------------+-------+-------+-------++-------
Melee: Unarmed           |    82 |   145 |   341 ||   568
       Punch             |     1 |     5 |    13 ||    19
Throw: Stone             |       |       |     6 ||     6
Invok: Trog's Hand       |     1 |       |     4 ||     5
       Berserk           |       |       |     3 ||     3
 Stab: Sleeping          |       |       |     1 ||     1
Armor: Animal skin       |    29 |    35 |    84 ||   148
Dodge: Dodged            |    33 |    78 |   144 ||   255

Table legend: (Time is in decaauts)
 A = Elapsed time spent in this place.
 B = Non-inter-level travel time spent in this place.
 C = Inter-level travel time spent in this place.
 D = Time resting spent in this place.
 E = Time spent auto-exploring this place.
 F = Levels seen in this place.
 G = Mean time per level.
                   A        B        C        D        E       F      G
               +--------+--------+--------+--------+--------+-----+--------+
         Total |   6031 |   5826 |    205 |    925 |   3674 |   9 |  670.1 |
       Dungeon |   5881 |   5676 |    205 |    925 |   3581 |   8 |  735.1 |
         Sewer |    149 |    149 |      0 |      0 |     93 |   1 |  149.0 |
               +--------+--------+--------+--------+--------+-----+--------+

Top non-repeatable levels by time:
     D:6: 1019 daAuts
     D:4: 987 daAuts
     D:5: 852 daAuts
     D:7: 809 daAuts
     D:1: 659 daAuts
     D:8: 537 daAuts
     D:2: 532 daAuts
     D:3: 483 daAuts
   Sewer: 149 daAuts
